 Dungeon Crawl Stone Soup version 0.24.0-13-gcf9b319 (webtiles) character file.

Game seed: 10060000658394423823, levelgen mode: deterministic

43 Fang the Skirmisher (level 3, -4/36 HPs)
             Began as a Gargoyle Berserker on Nov 18, 2019.
             Was a Follower of Trog.
             Slain by Sigmund
             ... wielding a +0 scythe
              (11 damage)
             ... on level 2 of the Dungeon.
             The game lasted 00:02:46 (1450 turns).

Fang the Skirmisher (Gargoyle Berserker)            Turns: 1450, Time: 00:02:47

Health: -4/36      AC: 12    Str: 26    XL:     3   Next: 58%
Magic:  3/3        EV:  9    Int:  7    God:    Trog [*.....]
Gold:   81         SH:  0    Dex:  9    Spells: 2/2 levels left

rFire    + . .     SeeInvis .   a - +0 hand axe
rCold    + . .     Gourm    .   (no shield)
rNeg     + . .     Faith    .   b - +0 chain mail
rPois    ∞         Spirit   .   (no helmet)
rElec    +         Reflect  .   l - scarf {rC+ rF+}
rCorr    .         Harm     .   (no gloves)
MR       .....                  (no boots)
Stlth    ..........             (no amulet)
HPRegen  0.12/turn              (no ring)
MPRegen  0.08/turn              (no ring)

@: berserking (expiring), very quick
A: negative energy resistance 1, electricity resistance, unbreathing,
petrification resistance, rot immunity, AC +3
a: Berserk, Renounce Religion


You were on level 2 of the Dungeon.
You worshipped Trog.
Trog was aware of your devotion.
You were near starving.

You visited 1 branch of the dungeon, and saw 2 of its levels.

You collected 81 gold pieces.

Inventory:

Hand Weapons
 a - a +0 hand axe (weapon)
Armour
 b - a +0 chain mail (worn)
 l - a scarf of resistance (worn)
Scrolls
 i - a scroll of identify {unknown}
 j - 2 scrolls of teleportation {unknown}
 k - a scroll of amnesia {unknown}
Potions
 e - a potion of cancellation {unknown}
 f - a potion of might {unknown}
 g - a potion of ambrosia
 h - a potion of lignification {unknown}
Comestibles
 c - 7 rations
 d - 2 chunks of flesh


   Skills:
 + Level 3.7 Fighting
 + Level 3.1 Axes
 + Level 2.8 Armour
 + Level 2.1 Dodging


You had 2 spell levels left.
You didn't know any spells.
Your spell library was empty.

Dungeon Overview and Level Annotations

Branches:
Dungeon (2/15)

Altars:

Annotations:
D:2 Sigmund


Innate Abilities, Weirdness & Mutations

You are resistant to torment.
Your stone body is resilient. (AC +3)
You are immune to poison.
You resist negative energy. (rN+)
You are resistant to electric shocks. (rElec)
You can survive without breathing.
You are immune to petrification.
You are immune to rotting.


Message History

You're too confused to move!
Something hits you.
You're too confused to move!
You feel less invigorated.
You feel less confused. Something hits you but does no damage.
Okay, then.
You hear some strange, mumbled words.
Something tries to affect you, but you resist.
You recover from your berserk rage.
Something hits you!
You closely miss something. Something hits you but does no damage.
A red film seems to cover your vision as you go berserk!
You feel yourself moving faster!
You feel mighty!
You are near starving!
Something hits you.
You feel a strong urge to attack something.
You closely miss something. Something hits you!
* * * LOW HITPOINT WARNING * * *
You barely miss something. You miss something. Something hits you!
You die...

#...#...#......##
##.##...##......###
#..#...####...÷(.##
#.##...#..##......#
#.#...##.)[##......
###...#..#..##.....
#...##.##...##....
##...#..#..#..##...
#.@.##.##.##...##..
#.{.'..#..#..#..##.
##.################
#.########.###.#
#..............#
############.###
#.# #.# ###.###


There were no monsters in sight!

Vanquished Creatures
  An adder (D:2)
  An ooze (D:2)
  A leopard gecko (D:1)
  A giant cockroach (D:1)
  4 goblins
  A hobgoblin (D:1)
  2 jackals (D:1)
  5 kobolds
  A ball python (D:2)
  3 bats (D:1)
  7 frilled lizards
  4 rats
31 creatures vanquished.

Notes
Turn   | Place    | Note
-------+----------+-------------------------------------------
     0 | D:1      | Fang the Gargoyle Berserker began the quest for the Orb.
     0 | D:1      | Reached XP level 1. HP: 14/14 MP: 1/1
   496 | D:1      | Reached XP level 2. HP: 19/19 MP: 2/2
  1064 | D:2      | Reached XP level 3. HP: 23/23 MP: 3/3
  1306 | D:2      | Reached ** piety under Trog
  1385 | D:2      | Noticed Sigmund
  1450 | D:2      | Slain by Sigmund

Levels and vault maps discovered:
D:1:      mainiacjoe_arrival_reflecting_pool, layout_basic
D:2:      minmay_razor_zed, layout_loops_cross, first_ration, uniq_jessica,
          uniq_sigmund

Skill      XL: |  1  2  3 |
---------------+----------+-----
Dodging        | 2 |  2.1
Axes           | 3 |  3.1
Fighting       | |  3.7
Armour         | |  2.8

Action                   || total
-------------------------++-------
Melee: Hand axe          ||   106
Invok: Berserk           ||     2
       Trog's Hand       ||     1
  Use: Potion            ||     1
  Eat: Chunk             ||     2
Armor: Animal skin       ||    33
       Chain mail        ||    15
Dodge: Dodged            ||    86
